 Dungeon Crawl Stone Soup version 0.23.2-1-ga50397a (webtiles) character file.

Game seed: 11548009811375540173

35216 Mgcat the Spear-Bearer (level 13, -2/135 HPs)
             Began as an Ogre Wizard on May 6, 2019.
             Was a High Priest of Okawaru.
             Slain by an enormous slime creature (53 damage)
             ... on level 12 of the Dungeon on May 8, 2019.
             The game lasted 00:59:52 (23175 turns).

Mgcat the Spear-Bearer (Ogre Wizard)               Turns: 23175, Time: 00:59:53

Health: -2/135     AC:  6    Str: 17    XL:     13   Next: 82%
Magic:  22/25      EV: 15    Int: 27    God:    Okawaru [*****.]
Gold:   840        SH:  0    Dex: 10    Spells: 15/28 levels left

rFire    + . .     SeeInvis +   h - +7 trident of Oquir {venom, +Rage rElec MR- Dex+5}
rCold    + . .     Gourm    .   (no shield)
rNeg     . . .     Faith    .   D - +0 robe {MR+}
rPois    .         Spirit   .   b - +1 hat
rElec    +         Reflect  .   a - scarf {rC+ rF+}
rCorr    .         Harm     .   (gloves unavailable)
MR       ++...                  (boots unavailable)
Stlth    +++.......             (no amulet)
HPRegen  0.32/turn              c - ring of see invisible {sInv, !d}
MPRegen  0.19/turn              C - +5 ring of intelligence

@: heroism
A: large, unfitting armour, icy blue scales 1, clumsy 1, magic resistance 1,
strong 1, tough skin 1
a: Heroism, Finesse, Renounce Religion, Evoke Berserk Rage


You were on level 12 of the Dungeon.
You worshipped Okawaru.
Okawaru was extremely pleased with you.
You were not hungry.

You visited 2 branches of the dungeon, and saw 14 of its levels.

You collected 1792 gold pieces.
You spent 952 gold pieces at shops.

Inventory:

Hand Weapons
 h - the +7 trident of Oquir (weapon) {venom, +Rage rElec MR- Dex+5}
   (You found it on level 4 of the Dungeon)

   It poisons the flesh of those it strikes.
   It affects your dexterity (+5).
   It insulates you from electricity.
   It affects your resistance to hostile enchantments.
   It lets you go berserk.
 m - a +5 broad axe of venom
   (Okawaru gifted it to you on level 11 of the Dungeon)
Missiles
 t - a throwing net {=f, !d}
 x - 8 large rocks (quivered) {!d}
Armour
 a - a scarf of resistance (worn)
   (You acquired it on level 2 of the Orcish Mines)
 b - a +1 hat (worn)
 n - a +2 robe of positive energy
   (You found it on level 11 of the Dungeon)
 D - a +0 robe of magic resistance (worn)
   (You took it off an orc wizard on level 2 of the Orcish Mines)
Jewellery
 c - a ring of see invisible (left hand) {sInv, !d}
   (You found it on level 1 of the Dungeon)
 f - an uncursed ring of protection from cold {rC+, !d}
   (You found it on level 2 of the Dungeon)
 C - a +5 ring of intelligence (right hand)
   (You found it on level 9 of the Dungeon)
Wands
 i - a wand of digging (3)
   (You found it on level 10 of the Dungeon)
 u - a wand of polymorph (12)
   (You found it on level 6 of the Dungeon)
 v - a wand of flame (2)
   (You found it on level 6 of the Dungeon)
 y - a wand of acid (6)
   (You took it off Maurice on level 2 of the Orcish Mines)
Scrolls
 e - 3 scrolls of blinking {!r}
 g - a scroll of fog
 j - 7 scrolls of amnesia
 k - 8 scrolls of remove curse
 l - 6 scrolls of teleportation
 E - a scroll of magic mapping {!r}
Potions
 o - 2 potions of might
 p - 3 potions of lignification {!q}
 r - 2 potions of agility
 w - 2 potions of curing
 z - a potion of magic
 A - a potion of flight
 B - a potion of cancellation
Miscellaneous
 s - a lightning rod (4/4)
   (You found it on level 11 of the Dungeon)
Comestibles
 d - 18 rations


   Skills:
 + Level 10.4(15.4) Fighting
 - Level 10.6(15.6) Polearms
 - Level 8.0(13.0) Dodging
 + Level 1.8(6.8) Stealth
 - Level 8.0 Spellcasting
 + Level 8.1 Conjurations
   Level 0.8 Summonings
   Level 0.8 Translocations
 - Level 5.0 Fire Magic
 + Level 8.0 Poison Magic
 - Level 7.0 Invocations
 - Level 5.0 Evocations


You had 15 spell levels left.
You knew the following spells:

 Your Spells              Type           Power        Failure   Level  Hunger
a - Magic Dart            Conj           ####         1%          1    None
b - Conjure Flame         Conj/Fire      #####...     1%          3    None
c - Mephitic Cloud        Conj/Pois/Air  #####...     1%          3    None
d - Poison Arrow          Conj/Pois      ######....   28%         6    ######.

Your spell library contained the following spells:

 Spells                   Type           Power        Failure   Level  Hunger
 Confusing Touch          Hex            ##....       5%          1    None
 Blink                    Tloc           N/A          5%          2    None
 Call Imp                 Summ           ###.....     5%          2    None
 Slow                     Hex            ##......     8%          2    None
 Gell's Gravitas          Tloc           ###.......   11%         3    None
 Confuse                  Hex            ##......     16%         3    None
 Petrify                  Tmut/Erth      ##......     45%         4    ##.....
 Metabolic Englaciation   Hex/Ice        ##........   82%         5    ####...
 Yara's Violent Unravell  Hex/Tmut       ##........   82%         5    ####...
 Chain Lightning          Conj/Air       ####......   100%        8    #######
 Lehudib's Crystal Spear  Conj/Erth      ####......   100%        8    #######
 Fire Storm               Conj/Fire      #####.....   100%        9    #######
 Glaciate                 Conj/Ice       ####......   100%        9    #######


Dungeon Overview and Level Annotations

Branches:
Dungeon (12/15)            Temple (0/1) D:6            Lair (0/6) D:8
    Orc (2/2) D:9             Elf (0/3) Orc:2

Altars:
Ashenzari
Cheibriados
Fedhas
Hepliaklqana
Makhleb
Okawaru
Qazlal
Ru
Trog
Wu Jian
Xom
Zin
The Shining One
Beogh

Shops:
D:8 *   Orc:2 (?%:

Annotations:
D:4 exclusions: orc priest, orc wizard and two-headed ogre
D:8 1 runed translucent door, shugdite's ghost, novice MiBe
D:9 exclusion: 2 doors
D:10 2 transporters, Tribosh's ghost, novice DEFE


Innate Abilities, Weirdness & Mutations

You are too large for most types of armour.
You have tough skin. (AC +1)
You are partially covered in icy blue scales. (AC +2)
You are clumsy. (Dex -2)
You are resistant to hostile enchantments. (MR+)
Your muscles are strong. (Str +2)


Message History

Warning x3: The slime creature can hit for high damage in melee!
The very large slime creature can hit for high damage in melee!
The very large slime creature can hit for high damage in melee!
Warning x3: The slime creature can hit for high damage in melee!
The very large slime creature can hit for high damage in melee!
The very large slime creature can hit for high damage in melee!
Danger x4: centaur, slime creature, very large slime creature, very large slime creature!
You see here a hippogriff skeleton.
Danger x4: centaur, slime creature, very large slime creature, very large slime creature!
Warning x3: The centaur is fast and can hit for moderate damage at range!
The very large slime creature can hit for high damage in melee!
The very large slime creature can hit for high damage in melee!
The centaur wields a +0 shortbow.
The centaur shoots an arrow.
The arrow misses you.
Warning x3: The centaur is fast and can hit for moderate damage at range!
The very large slime creature can hit for high damage in melee!
The very large slime creature can hit for high damage in melee!
Warning x2: The very large slime creature can hit for high damage in melee!
The very large slime creature can hit for high damage in melee!
You gain the combat prowess of a mighty hero.
You now have 23/25 mp.
Casting: Conjure Flame (safe; 1% risk of failure)
Confirm with . or Enter, or press ? or * to list all spells.
Aiming: Conjure Flame (safe; 1% risk of failure)
Press: ? - help, Dir - move target cursor The fire ignites!
You now have 20/25 mp.
Spoiler Alert: The slime creature (wandering) can hit for high damage in melee!
Attack whom?
Press: ? - help, Dir - move target cursor, f - slime creature
Aim: a slime creature (hasn't noticed you)
You reach to attack!
The slime creature quivers.
You puncture the slime creature!
The slime creature looks as sick as possible!
The slime creature is moderately wounded.
Spoiler Alert: The slime creature can hit for high damage in melee!
Attack whom?
Press: ? - help, Dir - move target cursor, f/p - slime creature
Aim: a slime creature (moderately wounded, poisoned)
You reach to attack!
You puncture the slime creature!
The slime creature looks as sick as possible!
The slime creature is severely wounded.
Warning x3: The large slime creature can hit for high damage in melee!
The large slime creature can hit for high damage in melee!
The slime creature can hit for high damage in melee!
You puncture the slime creature!
The slime creature looks as sick as possible!
The slime creature is severely wounded.
Warning x3: The large slime creature can hit for high damage in melee!
The large slime creature can hit for high damage in melee!
The slime creature can hit for high damage in melee!
You puncture the slime creature!
The slime creature is almost dead.
Two slime creatures merge to form a very large slime creature.
Warning x2: The very large slime creature can hit for high damage in melee!
The very large slime creature can hit for high damage in melee!
You puncture the very large slime creature!
The very large slime creature looks as sick as possible!
The very large slime creature is heavily wounded.
Warning x2: The very large slime creature can hit for high damage in melee!
The very large slime creature can hit for high damage in melee!
You hit the very large slime creature.
The very large slime creature looks as sick as possible!
The very large slime creature is heavily wounded.
Warning x2: The very large slime creature can hit for high damage in melee!
The very large slime creature can hit for high damage in melee!
You puncture the very large slime creature!
The very large slime creature is heavily wounded.
The very large slime creature is engulfed in blazing flames.
The very large slime creature hits you but does no damage.
Warning x3: The very large slime creature can hit for high damage in melee!
The very large slime creature can hit for high damage in melee!
The slime creature can hit for high damage in melee!
You hit the very large slime creature.
The very large slime creature is severely wounded.
Two slime creatures merge to form an enormous slime creature.
Warning x2: The enormous slime creature can hit for high damage in melee!
The enormous slime creature can hit for high damage in melee!
You puncture the enormous slime creature!
The enormous slime creature is heavily wounded.
Warning x3: The centaur is fast and can hit for moderate damage at range!
The enormous slime creature can hit for high damage in melee!
The enormous slime creature can hit for high damage in melee!
You puncture the enormous slime creature!
The enormous slime creature is heavily wounded.
Warning x3: The centaur is fast and can hit for moderate damage at range!
The enormous slime creature can hit for high damage in melee!
The enormous slime creature can hit for high damage in melee!
You hit the enormous slime creature.
The enormous slime creature is heavily wounded.
The enormous slime creature is engulfed in blazing flames.
The enormous slime creature barely misses you.
Warning x3: The centaur is fast and can hit for moderate damage at range!
The enormous slime creature can hit for high damage in melee!
The enormous slime creature can hit for high damage in melee!
You barely miss the enormous slime creature.
The enormous slime creature is severely wounded.
The enormous slime creature is engulfed in blazing flames.
The enormous slime creature closely misses you.
Warning x3: The centaur is fast and can hit for moderate damage at range!
The enormous slime creature can hit for high damage in melee!
The enormous slime creature can hit for high damage in melee!
You puncture the enormous slime creature!
The enormous slime creature is severely wounded.
Warning x3: The centaur is fast and can hit for moderate damage at range!
The enormous slime creature can hit for high damage in melee!
The enormous slime creature can hit for high damage in melee!
You puncture the enormous slime creature!
The enormous slime creature is severely wounded.
The enormous slime creature is engulfed in blazing flames.
The enormous slime creature hits you!!!
Ouch! That really hurt!
You take 70 damage, and have 50/135 hp.
MASSIVE DAMAGE!!
Warning x3: The centaur is fast and can hit for moderate damage at range!
The enormous slime creature can hit for high damage in melee!
The enormous slime creature can hit for high damage in melee!
You are too injured to fight recklessly!
Warning x3: The centaur is fast and can hit for moderate damage at range!
The enormous slime creature can hit for high damage in melee!
The enormous slime creature can hit for high damage in melee!
You are too injured to fight recklessly!
Warning x3: The centaur is fast and can hit for moderate damage at range!
The enormous slime creature can hit for high damage in melee!
The enormous slime creature can hit for high damage in melee!
You puncture the enormous slime creature!
The enormous slime creature is almost dead.
Warning x3: The centaur is fast and can hit for moderate damage at range!
The enormous slime creature can hit for high damage in melee!
The enormous slime creature can hit for high damage in melee!
Unknown command.
Warning x3: The centaur is fast and can hit for moderate damage at range!
The enormous slime creature can hit for high damage in melee!
The enormous slime creature can hit for high damage in melee!
You puncture the enormous slime creature!
The enormous slime creature is almost dead.
The enormous slime creature is engulfed in blazing flames.
The enormous slime creature hits you!!!
You die...

#...#
#.######
#...# #.#
#...####.#
#..(.^...###
#J####....[#
#.#...<....#
#รท#........#
#(######'###
#cJ@......#
###########


You could see an enormous slime creature and a centaur.

Vanquished Creatures
  A hydra (D:11)
  4 ogre magi (Orc:2)
  13 two-headed ogres
  An orc high priest (Orc:1)
  2 unseen horrors
  A wolf spider zombie (D:12)
  A harpy (D:10)
  2 orc knights
  An orc sorcerer (Orc:1)
  An ugly thing (D:11)
  A cyclops (D:11)
  A manticore (D:11)
  Maurice (Orc:2)
  3 gargoyles
  A komodo dragon (D:11)
  An efreet (D:11)
  A troll (D:12)
  A slime creature (D:12)
  2 dream sheep (D:9)
  2 hippogriffs
  A shadow (D:11)
  2 wyverns (D:9)
  A wraith (D:11)
  A vampire (D:10)
  23 yaks
  A hungry ghost (D:10)
  3 wargs
  4 water moccasins
  A floating eye (D:11)
  A swamp drake (D:9)
  5 ice beasts
  21 orc warriors
  A black bear (D:2)
  A sky beast (D:8)
  35 ogres
  3 phantoms
  13 centaurs
  A crocodile (D:8)
  4 big kobolds
  10 bullfrogs
  A wyvern skeleton (D:6)
  4 scorpions
  3 water moccasin skeletons
  11 killer bees
  3 wights (D:6)
  2 howler monkeys
  7 crimson imps
  A jelly (D:11)
  A quasit (D:11)
  A bullfrog zombie (D:5)
  3 centaur zombies
  3 centaur skeletons
  A bullfrog skeleton (D:5)
  5 hounds
  11 orc priests
  18 orc wizards
  4 iguanas
  4 worker ants
  A hound zombie (D:7)
  18 gnolls
  11 adders
  A shadow imp (D:2)
  2 oozes
  An adder skeleton (D:6)
  5 worms
  A dart slug (D:3)
  6 leopard geckos
  62 orcs
  A ball python (D:5)
  5 bats
  9 giant cockroaches
  5 hobgoblins
  4 jackals (D:11)
  2 quokkas
  5 frilled lizards
  9 goblins
  28 kobolds
  A leopard gecko skeleton (D:6)
  11 rats
444 creatures vanquished.

Vanquished Creatures (collateral kills)
  An orc (Orc:2)
1 creature vanquished.

Vanquished Creatures (others)
  A worker ant zombie (D:11)
  A worm (D:3)
  2 orcs (Orc:2)
4 creatures vanquished.

Grand Total: 449 creatures vanquished

Notes
Turn   | Place    | Note
-------+----------+-------------------------------------------
     0 | D:1      | Mgcat the Ogre Wizard began the quest for the Orb.
     0 | D:1      | Reached XP level 1. HP: 16/16 MP: 5/5
    71 | D:1      | Reached skill level 1 in Conjurations
   168 | D:1      | Reached skill level 1 in Fighting
   168 | D:1      | Reached XP level 2. HP: 27/27 MP: 0/6
   464 | D:1      | Reached skill level 4 in Spellcasting
   528 | D:1      | Reached XP level 3. HP: 34/35 MP: 0/8
   630 | D:1      | Reached skill level 2 in Fighting
   965 | D:2      | Learned a level 3 spell: Conjure Flame
  1196 | D:2      | Reached skill level 2 in Conjurations
  1196 | D:2      | Reached XP level 4. HP: 44/44 MP: 2/10
  1307 | D:2      | Noticed a black bear
  1316 | D:2      | Killed a black bear
  1316 | D:2      | Reached skill level 3 in Fighting
  1316 | D:2      | Reached skill level 1 in Fire Magic
  1316 | D:2      | Reached XP level 5. HP: 43/53 MP: 2/12
  1960 | D:2      | Found an iron altar of Okawaru.
  2006 | D:2      | Became a worshipper of Warmaster Okawaru
  2193 | D:3      | Reached XP level 6. HP: 60/62 MP: 6/13
  2400 | D:3      | Found an ornate altar of the Wu Jian Council.
  2564 | D:3      | Reached skill level 5 in Spellcasting
  2587 | D:3      | HP: 12/62 [orc/+0 short sword (7)]
  2592 | D:3      | Reached skill level 2 in Fire Magic
  2818 | D:3      | Reached skill level 4 in Fighting
  2818 | D:3      | Reached skill level 3 in Conjurations
  2826 | D:3      | HP: 15/62 [orc/tomahawk (7)]
  3302 | D:3      | Found a stormy altar of Qazlal.
  3809 | D:3      | Learned a level 3 spell: Mephitic Cloud
  4082 | D:4      | Reached XP level 7. HP: 51/71 MP: 0/15
  4216 | D:4      | Got a smoking trident
  4217 | D:4      | Identified the +7 trident of Oquir {venom, +Rage rElec MR-
                  | Dex+5} (You found it on level 4 of the Dungeon)
  4243 | D:4      | Noticed a two-headed ogre
  4317 | D:4      | Reached skill level 1 in Poison Magic
  4910 | D:5      | Entered Level 5 of the Dungeon
  4916 | D:5      | Reached skill level 5 in Fighting
  4916 | D:5      | Reached skill level 1 in Polearms
  4916 | D:5      | Reached skill level 1 in Invocations
  5143 | D:5      | Reached skill level 2 in Polearms
  5143 | D:5      | Reached skill level 2 in Invocations
  5265 | D:5      | Reached * piety under Okawaru
  5310 | D:5      | Reached XP level 8. HP: 74/80 MP: 13/16
  5444 | D:5      | Reached skill level 3 in Polearms
  5444 | D:5      | Reached skill level 3 in Invocations
  5554 | D:5      | Found a sacrificial altar of Ru.
  5629 | D:5      | Reached skill level 4 in Invocations
  5696 | D:5      | Found a bloodstained altar of Trog.
  5715 | D:5      | Reached skill level 4 in Polearms
  5852 | D:6      | Found a burning altar of Makhleb.
  5974 | D:6      | Reached ** piety under Okawaru
  5983 | D:6      | Reached skill level 1 in Evocations
  6472 | D:6      | Reached skill level 6 in Fighting
  6472 | D:6      | Reached skill level 5 in Invocations
  6567 | D:6      | Found a blossoming altar of Fedhas.
  6603 | D:6      | Found a staircase to the Ecumenical Temple.
  6615 | D:6      | Reached skill level 2 in Evocations
  6615 | D:6      | Reached XP level 9. HP: 82/92 MP: 17/17
  6637 | D:6      | Reached skill level 5 in Polearms
  6890 | D:6      | Found a hazy altar of Hepliaklqana.
  7307 | D:7      | Reached skill level 7 in Fighting
  7410 | D:7      | Reached *** piety under Okawaru
  7410 | D:7      | Reached skill level 3 in Evocations
  7544 | D:7      | Reached skill level 6 in Polearms
  7714 | D:7      | Reached skill level 8 in Fighting
  8099 | D:8      | Reached skill level 4 in Evocations
  8149 | D:8      | Reached skill level 2 in Dodging
  8161 | D:8      | Found a runed translucent door.
  8167 | D:8      | Found a shimmering altar of Xom.
  8167 | D:8      | Noticed shugdite's ghost (novice MiBe)
  8168 | D:8      | Found a staircase to the Lair.
  8168 | D:8      | Noticed a +3 war axe of chaos
  8212 | D:8      | Reached **** piety under Okawaru
  8240 | D:8      | Found a shattered altar of Ashenzari.
  8345 | D:8      | Reached skill level 3 in Fire Magic
  8355 | D:8      | Reached XP level 10. HP: 44/104 MP: 15/18
  8363 | D:8      | Reached skill level 2 in Poison Magic
  8584 | D:8      | Found Yhukaak's Antique Armour Shoppe.
  8598 | D:8      | Found Wibubb's General Store.
  8619 | D:8      | Reached skill level 4 in Conjurations
  8645 | D:8      | Found a glowing golden altar of the Shining One.
  8838 | D:8      | Found a glowing silver altar of Zin.
  8968 | D:9      | Found a snail-covered altar of Cheibriados.
  9297 | D:9      | Found a flagged portal.
  9397 | D:9      | Reached skill level 7 in Polearms
  9525 | D:8      | Reached skill level 3 in Dodging
  9535 | D:8      | HP: 25/104 [poisoned by a water moccasin]
  9540 | D:8      | HP: 21/104 [poisoned by a water moccasin]
  9545 | D:8      | HP: 17/104 [poisoned by a water moccasin]
  9551 | D:8      | HP: 15/104 [poisoned by a water moccasin]
  9558 | D:8      | HP: 14/104 [poisoned by a water moccasin]
  9565 | D:8      | HP: 14/104 [poisoned by a water moccasin]
  9573 | D:8      | HP: 14/104 [poisoned by a water moccasin]
  9976 | D:9      | Reached skill level 4 in Fire Magic
  9976 | D:9      | Reached skill level 3 in Poison Magic
 10065 | D:9      | Reached ***** piety under Okawaru
 10098 | D:9      | HP: 23/104 [yak (7)]
 10134 | D:9      | HP: 25/104 [yak (7)]
 10428 | D:9      | Received a gift from Okawaru
 10428 | D:9      | Reached skill level 5 in Evocations
 10558 | D:9      | Noticed a two-headed ogre
 10593 | D:9      | Reached skill level 5 in Conjurations
 11046 | D:9      | Killed a two-headed ogre
 11046 | D:9      | Reached skill level 4 in Dodging
 11046 | D:9      | Reached skill level 4 in Poison Magic
 11046 | D:9      | Reached XP level 11. HP: 77/111 MP: 12/19
 11365 | D:9      | Reached skill level 5 in Fire Magic
 11647 | D:9      | Found a staircase to the Orcish Mines.
 12231 | D:9      | Reached skill level 8 in Polearms
 12460 | D:10     | Entered Level 10 of the Dungeon
 12549 | D:10     | Noticed a two-headed ogre
 12566 | D:10     | Killed a two-headed ogre
 12574 | D:10     | Noticed Erolcha
 12584 | D:10     | Noticed Erolcha
 12584 | D:10     | Erolcha changed into Erolcha the harpy
 12594 | D:10     | Reached skill level 5 in Dodging
 12595 | D:10     | Killed Erolcha the harpy
 12595 | D:10     | Reached skill level 5 in Poison Magic
 12898 | D:10     | Received a gift from Okawaru
 12898 | D:10     | Reached skill level 9 in Polearms
 13179 | D:10     | Found a transporter.
 13217 | D:10     | Learned a level 6 spell: Poison Arrow
 13528 | D:10     | Noticed an unseen horror
 13535 | D:10     | Killed an unseen horror
 13611 | D:10     | Found a transporter.
 13877 | D:10     | Noticed Tribosh's ghost (novice DEFE)
 13961 | D:11     | Noticed a five-headed hydra
 13971 | D:11     | Killed a five-headed hydra
 13971 | D:11     | Reached skill level 6 in Spellcasting
 14034 | D:11     | HP: 27/111 [shadow (12)]
 14038 | D:11     | Noticed an unseen horror
 14108 | D:11     | HP: 21/111 [efreet/+0 scimitar of flaming (12)]
 14497 | D:11     | Reached skill level 6 in Invocations
 14497 | D:11     | Reached XP level 12. HP: 119/119 MP: 17/21
 14671 | D:11     | Received a gift from Okawaru
 14678 | D:11     | Reached skill level 6 in Poison Magic
 14844 | D:11     | Reached skill level 6 in Conjurations
 15045 | D:11     | Reached skill level 7 in Spellcasting
 15631 | D:11     | Noticed Nergalle
 15632 | D:11     | Noticed Nergalle
 15632 | D:11     | Nergalle changed into Nergalle the floating eye
 15637 | D:11     | Killed Nergalle the floating eye
 15758 | D:11     | Reached skill level 7 in Invocations
 16194 | Orc:1    | Entered Level 1 of the Orcish Mines
 16369 | Orc:2    | Entered Level 2 of the Orcish Mines
 16382 | Orc:2    | Gained mutation: You are clumsy. (Dex -2) [potion of
                  | mutation]
 16382 | Orc:2    | Gained mutation: You are resistant to hostile enchantments.
                  | (MR+) [potion of mutation]
 16382 | Orc:2    | Gained mutation: Your muscles are strong. (Str +2) [potion
                  | of mutation]
 16382 | Orc:2    | Gained mutation: You are partially covered in icy blue
                  | scales. (AC +2) [potion of mutation]
 16392 | Orc:2    | HP: 23/119 [orc knight/+3 war axe (16)]
 16397 | Orc:2    | Reached skill level 6 in Dodging
 16399 | Orc:2    | HP: 16/119 [warg (2)]
 16992 | Orc:1    | Noticed a soul eater
 17014 | Orc:1    | Received a gift from Okawaru
 17420 | Orc:1    | Found a roughly hewn altar of Beogh.
 18062 | Orc:2    | Noticed an orc high priest
 18740 | Orc:1    | Reached skill level 7 in Poison Magic
 19592 | Orc:1    | Killed an orc high priest
 19592 | Orc:1    | Reached skill level 8 in Spellcasting
 19592 | Orc:1    | Reached skill level 7 in Conjurations
 19884 | Orc:1    | HP: 20/122 [orc warrior/+0 trident[an orc knight] (17)]
 20418 | Orc:2    | Noticed Maurice
 20442 | Orc:2    | Found a staircase to the Elven Halls.
 20547 | Orc:2    | Noticed a two-headed ogre
 20566 | Orc:2    | Noticed an ogre mage
 20570 | Orc:2    | Killed a two-headed ogre
 20570 | Orc:2    | Reached XP level 13. HP: 72/128 MP: 22/25
 20749 | Orc:2    | Paralysed by an ogre mage for 5 turns
 20758 | Orc:2    | Killed an ogre mage
 20852 | Orc:1    | Reached skill level 9 in Fighting
 20852 | Orc:1    | Reached skill level 7 in Dodging
 21013 | Orc:2    | Received a gift from Okawaru
 21013 | Orc:2    | Reached skill level 10 in Polearms
 21014 | Orc:2    | Got a heavily runed large shield {god gift}
 21229 | Orc:1    | Identified the +2 large shield "Oqaott" {rF- rC+ MR- Int+9}
                  | (Okawaru gifted it to you on level 2 of the Orcish Mines)
 22073 | Orc:2    | Killed Maurice
 22305 | Orc:2    | Reached skill level 8 in Poison Magic
 22316 | Orc:2    | Reached skill level 8 in Conjurations
 22522 | Orc:2    | Found Untitaicw's Book Boutique.
 22522 | Orc:2    | Found Udappupt's Food Shoppe.
 22523 | Orc:2    | Found Leklogil's Magic Scroll Shoppe.
 22523 | Orc:2    | Found Gujaik's Antique Weapon Shop.
 22531 | Orc:2    | Noticed an ogre mage
 22548 | Orc:2    | Reached skill level 10 in Fighting
 22556 | Orc:2    | Killed an ogre mage
 22812 | Orc:2    | Bought a scroll of acquirement for 832 gold pieces
 22812 | Orc:2    | Bought a scroll of blinking for 120 gold pieces
 23054 | D:12     | Reached skill level 8 in Dodging
 23175 | D:12     | Slain by an enormous slime creature

Skill      XL: |  1  2  3  4  5  6  7  8  9 10 11 12 13 |
---------------+----------------------------------------+-----
Conjurations   | 1 2 3 5 7 8 |  8.1
Fighting       | 1 2 3 4 5 6 8 10 | 10.4
Spellcasting   | 4 5 6 8 |  8.0
Fire Magic     | 1 2 3 4 5 |  5.0
Poison Magic   | 1 4 5 7 8 |  8.0
Polearms       | 2 4 6 7 9 10 | 10.6
Invocations    | 2 5 6 7 |  7.0
Evocations     | 2 4 5 |  5.0
Dodging        | 2 4 5 6 8 |  8.0
Stealth        | |  1.8
Summonings     | |  0.8
Translocations | |  0.8

Action                   |  1- 3 |  4- 6 |  7- 9 | 10-12 | 13-15 || total
-------------------------+-------+-------+-------+-------+-------++-------
Melee: Dagger            |    33 |       |       |       |       ||    33
       Trident           |       |    33 |   244 |   839 |   211 ||  1327
       Punch             |       |       |       |     4 |     4 ||     8
 Cast: Magic Dart        |    78 |   187 |    33 |    33 |     8 ||   339
       Conjure Flame     |       |     5 |     6 |    28 |     8 ||    47
       Mephitic Cloud    |       |       |     5 |    36 |    40 ||    81
       Poison Arrow      |       |       |       |     1 |       ||     1
Invok: Heroism           |       |       |     1 |    12 |     5 ||    18
       Finesse           |       |       |       |     2 |       ||     2
Evoke: Wand              |       |       |       |    17 |       ||    17
       Lightning rod     |       |       |       |     3 |       ||     3
       Box of beasts     |       |       |       |     1 |       ||     1
  Use: Scroll            |       |    10 |       |    14 |     1 ||    25
       Potion            |       |     1 |       |     5 |       ||     6
 Stab: Sleeping          |       |       |     7 |     3 |       ||    10
       Confused          |       |       |     2 |    17 |    22 ||    41
       Distracted        |       |       |       |     2 |       ||     2
       Invisible         |       |       |       |     5 |       ||     5
  Eat: Chunk             |     1 |     7 |     9 |    33 |     8 ||    58
       Ration            |       |       |     2 |     2 |       ||     4
Armor: Robe              |    11 |    10 |    44 |    67 |     5 ||   137
Dodge: Dodged            |    29 |    35 |   101 |   268 |    60 ||   493

Levels and vault maps discovered:
D:1:      kilobyte_arrival_exit_the_forest, layout_basic, minmay_misc_feat_chi
D:2:      layout_rooms, marbit_many_paths, serial_curves, eino_curves_01,
          eino_curves_01
D:3:      layout_basic, grunt_qazlal_clouds, nicolae_overflow_crystal_walls,
          first_ration, grunt_ministairs_2
D:4:      layout_basic
D:5:      layout_basic, kennysheep_mini_moat, kennysheep_little_box,
          skrybe_limestone_x
D:6:      layout_layer_cave, lemuel_doored_altar, old_standard_altar,
          lemuel_crystal_altar, minmay_temple_entry_trees
D:7:      layout_loops_ring
D:8:      layout_basic, overflow_temple_1_default,
          lemuel_coloured_pillars_altar, nicolae_overflow_hidden_temple,
          dpeg_oklobed_lair, ebering_ghost_xom, serial_shops, shop, shop
D:9:      layout_layer_cave, overflow_temple_1_default, erik_orc_2,
          enter_bailey_7, hangedman_ranch [blue_anna_fruit_fields]
D:10:     layout_small_grid, gammafunk_ghost_stat_death, minivault_24,
          chequers_serial_rivers_micro_c, uniq_erolcha
D:11:     cheibrodos_fzero, layout_loops_corners, uniq_nergalle
D:12:     layout_basic
Orc:1:    layout_diamond_mine, basic_altar
Orc:2:    st_orc_ogre_mass, layout_caves, mines2_lemuel, uniq_maurice

Table legend:
 A = Turns spent in this place as a percentage of turns spent in the entire game.
 B = Non-inter-level travel turns spent in this place as a percentage of non-inter-level travel turns spent in the entire game.
 C = Inter-level travel turns spent in this place as a percentage of turns spent in this place.
 D = Turns resting spent in this place as a percentage of non-inter-level travel turns spent in this place.
 E = Turns spent auto-exploring this place as a percentage of non-inter-level travel turns spent in this place.
 F = Non-inter-level travel turns spent in this place divided by the number of levels of this place that you've seen.
                   A       B       C       D       E      F
               +-------+-------+-------+-------+-------+----------------------
         Total | 100.0 | 100.0 |   5.7 |  34.1 |  49.1 | 1561.4
       Dungeon |  72.1 |  72.4 |   5.3 |  23.4 |  60.1 | 1318.2
  Orcish Mines |  27.9 |  27.6 |   6.6 |  61.9 |  20.2 | 3020.0
               +-------+-------+-------+-------+-------+----------------------

Table legend:
 A = Kills in this place as a percentage of kills in entire the game.
 B = Kills by you in this place as a percentage of kills by you in the entire game.
 C = Kills by friends in this place as a percentage of kills by friends in the entire game.
 D = Other kills in this place as a percentage of other kills in the entire game.
 E = Experience gained in this place as a percentage of experience gained in the entire game.
 F = Experience gained in this place divided by the number of levels of this place that you have seen.
                   A       B       C       D       E      F
               +-------+-------+-------+-------+-------+----------------------
         Total | 100.0 | 100.0 | 100.0 | 100.0 | 100.0 | 3593.5
       Dungeon |  74.4 |  76.1 |   0.0 |  23.1 |  53.7 | 2249.6
  Orcish Mines |  25.6 |  23.9 | 100.0 |  76.9 |  46.3 | 11657.0
               +-------+-------+-------+-------+-------+----------------------
